Cogmind - Beta 16 @@@ ROGUE MODE // 2025.11.01 @ 21:43:34 Player: unq Result: Destroyed by P-70 Sage with Tesla Rifle Performance ------------- Evolutions (6) 3000 Regions Visited (20) 4000 Robots Destroyed (183) 915 Value Destroyed (5876) 5876 Prototype IDs (31) 620 Alien Tech Used (0) 0 Bonus (2261) 2261 TOTAL SCORE: 16672 Bonus ------- High Alert Combat Kills 158 Follower Combat Kills 1243 Met Data Miner 300 Met Imprinter 300 Was Imprinted 300 Friendly Fire -40 Cogmind --------- Core Integrity 0/1150 Matter 192/300 Energy 100/100 System Corruption 21% Temperature Cool (0) Movement Core (50) Location -4/Upper Caves Parts ------- > --- POWER (2) -------- (None) > --- PROPULSION (7) --- (None) > --- UTILITY (7) ------ Advanced Visual Processing Unit Advanced Targeting Computer Armor Integrity Analyzer > --- WEAPON (3) ------- (None) > --- INVENTORY (5) ---- Improved Cooling System Improved Medium Armor Plating Heavy Plasma Cannon Matter Neutralizer Peak State ------------ > --- POWER ------------ Fission Core Quantum Reactor > --- PROPULSION ------- Flexi-carbon Leg Flexi-carbon Leg Zionite Composite Leg I Zionite Composite Leg I Zionite Composite Leg I Thunder Leg Myomer Leg > --- UTILITY ---------- Advanced Heat Sink Advanced Cooling System Huge Storage Unit Improved Sensor Array Advanced Signal Interpreter Armor Integrity Analyzer Centrium Medium Armor Plating > --- WEAPON ----------- Advanced Variable Charge Gun Advanced KE Penetrator Lance > --- INVENTORY -------- Reinforced Fission Core Quantum Reactor Carbon-fiber Leg Flexi-carbon Leg Flexi-carbon Leg Flexi-carbon Leg Improved Cooling System Seismic Detector Transmission Jammer Improved Medium Armor Plating Improved Medium Armor Plating Improved Medium Armor Plating Centrium Medium Armor Plating Graphene Brace Improved Focal Shield Makeshift Hacking Suite Advanced System Shield High-powered Tractor Beam Hacking Drone Bay Wave Gun KE Penetrator Railgun Bore Cannon Rocket Launcher Improved Plasma Cutter [Rating: 123] Favorites ----------- Power Cooled Ion Engine Engine Cooled Ion Engine Power Core Light Nuclear Core Reactor Quantum Reactor Propulsion Improved Flight Unit Treads Light Treads Leg Zionite Composite Leg I Wheel Compact Wheel Flight Unit Improved Flight Unit Utility Advanced Signal Interpreter Device Advanced Heat Sink Storage High-capacity Storage Unit Processor Advanced Signal Interpreter Hackware Hacking Suite Protection Improved Light Armor Plating Weapon Autogun Energy Gun Medium Laser Energy Cannon Beam Cannon Ballistic Gun Autogun Ballistic Cannon Enhanced Gauss Cannon Launcher Rocket Launcher Special Weapon RU-N14's Throwing Claymores Impact Weapon Maul Slashing Weapon Power Sword Piercing Weapon Lance Build | -11 -10 -10 -9 -9 -8 -7 -7 -7 -7 -6 -6 -6 -6 -6 -5 -5 -5 -5 -4 -4 ------- Run | Yrd Mat Min Mat Min Mat Fac Low Low Dat Pro Fac Low Low Zio Pro Fac Ext Cet Fac Upp Slots Evolved 12 | . . . 2 . 2 2 . . . . 2 . . . . 2 . . 2 . Power 1 | . . . . . . . . . . . . . . . . 1 . . . . Propulsion 5 | . . . 1 . 1 1 . . . . 1 . . . . 1 . . . . Utility 5 | . . . 1 . 1 1 . . . . 1 . . . . . . . 1 . Weapon 1 | . . . . . . . . . . . . . . . . . . . 1 . Parts Attached 167 | 7 5 . 22 1 19 13 . . . 2 4 . 3 7 2 11 34 11 26 . Power 19 | 1 . . 3 . 1 1 . . . . . . . 1 . 3 6 1 2 . Engine 10 | 1 . . 3 . 1 . . . . . . . . 1 . 3 1 . . . Core 6 | . . . . . . 1 . . . . . . . . . . 5 . . . Reactor 3 | . . . . . . . . . . . . . . . . . . 1 2 . Propulsion 53 | 2 . . 8 . 7 6 . . . . 2 . . . 1 2 14 2 9 . Treads 21 | 2 . . 8 . 7 1 . . . . . . . . . . 3 . . . Leg 20 | . . . . . . . . . . . . . . . . . 9 2 9 . Wheel 1 | . . . . . . . . . . . . . . . . . 1 . . . Hover . | . . . . . . . . . . . . . . . . . . . . . Flight 11 | . . . . . . 5 . . . . 2 . . . 1 2 1 . . . Utility 61 | 2 2 . 8 1 3 6 . . . 1 2 . 1 4 . 4 12 3 12 . Device 22 | 1 . . 1 . 1 1 . . . . 1 . . 3 . 3 4 1 6 . Storage 6 | 1 1 . . . . 1 . . . . . . . . . . 3 . . . Processor 5 | . . . . . . 1 . . . 1 . . . . . . 1 . 2 . Hackware 5 | . . . . . 1 1 . . . . 1 . . . . . . . 2 . Protection 23 | . 1 . 7 1 1 2 . . . . . . 1 1 . 1 4 2 2 . Artifact . | . . . . . . . . . . . . . . . . . . . . . Weapon 34 | 2 3 . 3 . 8 . . . . 1 . . 2 2 1 2 2 5 3 . Energy Gun 10 | 2 . . . . 4 . . . . . . . . . . 1 1 2 . . Energy Cannon 5 | . 1 . . . 2 . . . . . . . 1 . . . . . 1 . Ballistic Gun 7 | . 1 . 3 . . . . . . . . . . . . . . 1 2 . Ballistic Cannon 3 | . . . . . . . . . . . . . . . 1 1 . 1 . . Launcher 2 | . . . . . 1 . . . . . . . 1 . . . . . . . Special Weapon 4 | . 1 . . . . . . . . . . . . 2 . . . 1 . . Impact Weapon 1 | . . . . . 1 . . . . . . . . . . . . . . . Slashing Weapon 1 | . . . . . . . . . . 1 . . . . . . . . . . Piercing Weapon 1 | . . . . . . . . . . . . . . . . . 1 . . . Special Melee Weapon . | . . . . . . . . . . . . . . . . . . . . . Unidentified Prototypes 13 | . . . 2 . 1 1 . . . . . . . 3 . 1 2 3 . . Corrupted Parts 1 | . . . . . . . . . . . . . . . . . . . 1 . System Corruption 1 | . . . . . . . . . . . . . . . . . . . 1 . Parts Lost 48 | . . . 1 . . . . 1 . . . . . . . 3 5 3 31 4 Power 7 | . . . 1 . . . . . . . . . . . . . 3 . 3 . Propulsion 17 | . . . . . . . . . . . . . . . . 1 2 1 13 . Utility 16 | . . . . . . . . . . . . . . . . 2 . 1 10 3 Weapon 8 | . . . . . . . . 1 . . . . . . . . . 1 5 1 Highest Loss Streak 16 | . . . 1 . . . . 1 . . . . . . . 1 1 3 16 3 To Critical Strikes 2 | . . . 1 . . . . . . . . . . . . . . 1 . . Average Backups 15 | 1 8 18 19 20 19 11 10 9 9 9 9 10 10 9 10 9 15 24 21 3 Power . | . . 2 1 1 . . . . . . . . . . . . . 2 1 . Propulsion 2 | . . . 1 3 4 2 2 2 2 2 1 2 2 1 1 1 3 2 3 . Utility 7 | . 3 10 7 8 6 4 4 4 4 4 5 6 5 5 5 4 6 12 12 2 Weapon 5 | 1 4 5 8 8 8 4 4 3 3 3 3 2 2 2 3 3 4 6 4 1 Tool/Special . | . . . . . . . . . . . . . . . . . . . . . Unused Backups 27 | . 1 . 14 . 2 1 1 . . . 3 . 1 . 1 1 . . 1 1 Power 3 | . . . 3 . . . . . . . . . . . . . . . . . Propulsion 2 | . . . 1 . 1 . . . . . . . . . . . . . . . Utility 13 | . . . 6 . 1 1 1 . . . . . 1 . 1 1 . . 1 . Weapon 9 | . 1 . 4 . . . . . . . 3 . . . . . . . . 1 Tool/Special . | . . . . . . . . . . . . . . . . . . . . . Average Slot Usage (%) 96 | . 100 100 97 100 99 95 100 99 100 100 99 100 100 99 100 96 87 98 94 24 Engine 6 | . 14 14 10 11 9 1 . . . . . . . 5 6 7 6 . . . Core 2 | . . . . . . 5 7 7 7 7 6 6 6 . . . 4 6 3 . Treads 13 | . 28 28 30 33 36 5 . . . . . . . . . . 3 . . . Leg 8 | . . . . . . . . . . . . . . . . . 22 39 33 . Flight 12 | . . . . . . 32 38 38 38 38 39 40 40 40 40 40 3 . . . Device 10 | . 11 14 6 5 9 7 7 7 7 9 6 6 5 13 13 15 15 10 12 3 Storage 8 | . 14 14 11 11 9 7 7 7 7 7 6 6 6 6 6 5 5 5 4 . Processor 4 | . . . . . . 2 7 7 7 7 6 6 6 6 6 5 6 11 10 15 Hackware 3 | . . . . . 7 7 7 7 7 7 12 13 13 8 6 2 . . . 5 Protection 6 | . 2 . 15 16 10 7 7 7 7 5 6 6 6 3 6 3 4 5 5 . Energy Gun 3 | . 5 14 1 . 11 . . 5 . . . . . . . . . 4 4 . Energy Cannon 2 | . 13 12 3 . . . . . . . . . . . . . . . . . Ballistic Gun 5 | . 7 . 16 22 3 7 7 5 15 8 6 6 5 1 . . . 1 5 . Ballistic Cannon 1 | . . . . . . . . . . . . . . . . 4 4 1 . . Slashing Weapon 1 | . . . . . . . . . . 3 6 6 6 6 6 5 2 . . . Peak Build Rating 123 | 7 9 9 17 18 32 43 43 45 35 48 57 56 60 71 67 72 97 102 123 21 Average Rating 49 | 5 7 8 15 16 27 36 43 43 35 45 56 56 56 64 66 67 82 99 109 17 On Entrance 42 | . 7 8 9 16 17 29 43 43 36 35 48 56 56 57 66 67 69 97 102 21 Avg Prop Armor Cover (%) 2 | . . . . . . . . . . . 1 1 1 1 . 1 11 . . . Naked Turns . | . . . . . . . . . . . . . . . . . . . . . Heaviest Build 153 | 15 52 51 60 60 63 62 25 25 25 25 30 25 25 31 30 39 132 140 153 3 Greatest Support 160 | 40 40 40 60 60 92 115 25 25 25 25 31 30 25 30 33 39 147 137 160 3 Greatest Overweight (x) 2 | . 1 1 1 . . 2 . . . . . . . 1 . . 1 1 1 . Average Overweight (x) . | . . 1 . . . . . . . . . . . . . . . . . . Largest Inventory Capacity 25 | 8 20 20 20 20 20 20 10 10 10 10 10 10 10 10 10 10 25 25 25 5 Average Capacity 16 | 7 11 20 20 20 20 11 10 10 10 10 10 10 10 10 10 10 15 25 24 5 Most Carried 25 | 3 15 19 20 20 20 20 10 10 9 10 10 10 10 10 10 10 25 25 25 5 Average Carried 15 | 1 8 18 19 20 19 11 9 9 9 9 9 10 10 9 9 9 15 24 21 3 Final Capacity 25 | 8 20 20 20 20 20 10 10 10 10 10 10 10 10 10 10 10 25 25 5 5 Final Carried 25 | 3 15 19 20 20 20 10 10 9 9 10 10 10 10 10 10 10 25 25 5 4 Class Distribution -------------------- 26% | Mutant 19% | Scavenger-Mutant 16% | Messiah-Mutant 9% | Derelict-Sprinter 9% | Sprinter 8% | Hacker-Sprinter 3% | Scavenger-Sprinter Dominant Class ---------------- Mutant | -10/Materials Mutant | -10/Mines Scavenger-Mutant | -9/Materials Scavenger-Mutant | -9/Mines Mutant | -8/Materials Scavenger-Sprinter | -7/Factory Sprinter | -7/Lower Caves Sprinter | -7/Lower Caves Scavenger-Sprinter | -7/Data Miner Sprinter | -6/Proximity Caves Hacker-Sprinter | -6/Factory Hacker-Sprinter | -6/Lower Caves Hacker-Sprinter | -6/Lower Caves Derelict-Sprinter | -6/Zion Derelict-Sprinter | -5/Proximity Caves Derelict-Sprinter | -5/Factory Messiah-Mutant | -5/Extension Messiah-Mutant | -5/Cetus Messiah-Mutant | -4/Factory Mutant | -4/Upper Caves Resources | -11 -10 -10 -9 -9 -8 -7 -7 -7 -7 -6 -6 -6 -6 -6 -5 -5 -5 -5 -4 -4 ----------- Run | Yrd Mat Min Mat Min Mat Fac Low Low Dat Pro Fac Low Low Zio Pro Fac Ext Cet Fac Upp Matter Collected 6316 | 270 172 114 1257 313 329 248 . 45 . 100 60 30 106 90 237 706 954 273 1012 . Remotely 535 | . . . . . . . . . . . . . . . . . . 28 507 . Salvage Created 6904 | 134 254 . 1878 305 793 246 . 25 . . 34 . 53 . . 771 965 153 1293 . Parts 368 | 10 20 . 106 24 36 13 . 1 . . 2 . 6 . . 46 37 3 64 . Haulers Intercepted 10 | . 1 . 4 . 1 . . . . . . . . . . 1 3 . . . Recyclers Shooed 8 | . 1 . 1 . 1 . . . . . . . . . . . 3 . 2 . Parts Field Recycled . | . . . . . . . . . . . . . . . . . . . . . Retrieved Matter . | . . . . . . . . . . . . . . . . . . . . . Parts Self-Destructed 14 | . . . . . . . . 3 . . . . 4 . 7 . . . . . Prevented 7 | . . . . . . . 2 5 . . . . . . . . . . . . Parts Restored . | . . . . . . . . . . . . . . . . . . . . . Kills | -11 -10 -10 -9 -9 -8 -7 -7 -7 -7 -6 -6 -6 -6 -6 -5 -5 -5 -5 -4 -4 ------- Run | Yrd Mat Min Mat Min Mat Fac Low Low Dat Pro Fac Low Low Zio Pro Fac Ext Cet Fac Upp Combat Hostiles Destroyed 121 | . 9 . 34 11 13 1 . 1 . . . . 4 . 1 17 8 3 19 . Melee 3 | . . . . . . . . . . . . . . . . 1 2 . . . Guns 68 | . 4 . 28 11 10 1 . . . . . . . . . . . 3 11 . Cannons 22 | . 5 . 6 . . . . . . . . . . . . 5 2 . 4 . AOE 27 | . . . . . 2 . . 1 . . . . 4 . 1 11 4 . 4 . Classes Destroyed 14 | 2 4 . 3 . 1 1 . . . . . . . . . 2 1 . . . Worker 13 | . . . . . . 4 . . . . . . . . . 1 3 . 5 . Builder 7 | . . . . . . . . . . . . . . . . . 2 . 5 . Tunneler 6 | 3 . . . . . 1 . . . . . . . . . . 1 . 1 . Hauler 10 | . 1 . 4 . 1 . . . . . . . . . . 1 3 . . . Recycler 11 | 1 . . 3 . 1 1 . . . . . . . . . 1 3 . 1 . Operator 4 | . 1 . 2 . . . . . . . . . . . . . 1 . . . Watcher 11 | . . . 4 . 3 1 . . . . 1 . . . . . . . 2 . Swarmer 39 | . 6 . 7 6 4 . . 1 . . . . 4 . 1 10 . . . . Grunt 40 | . 3 . 16 3 4 . . . . . . . . . . 4 4 . 6 . Brawler 2 | . . . . . . . . . . . . . . . . 1 . . 1 . Duelist 5 | . . . 2 2 1 . . . . . . . . . . . . . . . Sentry 16 | . . . 9 . 3 1 . . . . . . . . . . 1 . 2 . Hunter 3 | . . . . . 1 . . . . . . . . . . . . . 2 . Programmer 10 | . . . . . . . . . . . . . . . . 2 . . 8 . Cetus Guard 3 | . . . . . . . . . . . . . . . . . . 3 . . Thug 2 | . . . . . . . . . . . . . . . . . 2 . . . Butcher 1 | . . . . . . . . . . . . . . . . . 1 . . . Best Kill Streak 8 | 4 5 . 4 4 4 2 . 1 . . 1 . 4 . 1 8 3 3 8 . Combat Bots Only 8 | . 5 . 4 4 4 1 . 1 . . . . 4 . 1 8 3 3 4 . Max Kills in Single Turn 5 | 1 2 . 1 1 1 2 . 1 . . 1 . 1 . 1 5 2 1 3 . Gunslinging . | . . . . . . . . . . . . . . . . . . . . . Exploded 5 | . . . . . 1 . . 1 . . . . 1 . 1 5 2 . 1 . Melee 1 | . . . . . . . . . . . . . . . . 1 1 . . . Uniques/NPCs Destroyed . | . . . . . . . . . . . . . . . . . . . . . Combat | -11 -10 -10 -9 -9 -8 -7 -7 -7 -7 -6 -6 -6 -6 -6 -5 -5 -5 -5 -4 -4 -------- Run | Yrd Mat Min Mat Min Mat Fac Low Low Dat Pro Fac Low Low Zio Pro Fac Ext Cet Fac Upp Hostile Shots Fired 890 | . 25 . 127 30 43 18 . 7 . . 25 . 14 . . 42 93 26 400 40 Missed 306 | . 6 . 35 9 9 11 . 6 . . 14 . 6 . . 22 32 7 129 20 Hits 584 | . 19 . 92 21 34 7 . 1 . . 11 . 8 . . 20 61 19 271 20 Melee 8 | . . . 3 2 3 . . . . . . . . . . . . . . . Projectile 576 | . 19 . 89 19 31 7 . 1 . . 11 . 8 . . 20 61 19 271 20 AOE 1 | . . . . . . . . . . . . . . . . . . . 1 . Critical Strikes 27 | . 1 . 4 . 3 . . . . . . . . . . 1 3 1 12 2 Damage Taken 10765 | . 267 . 1172 244 553 74 . 74 . . 72 . 143 . . 469 1362 495 5432 408 Core 1746 | . 46 . 108 7 50 6 . 18 . . 16 . 67 . . 51 133 80 835 329 Absorbed by Shields 70 | . . . . . . . . . . . . . . . . . 12 . 58 . Redirected to Shielding 24 | . . . 2 . . . . . . . . . . . . . 22 . . . Ignored by Resistances 246 | . . . . . . . . . . . . . . . . . . . 246 . Regen/Repaired (Parts) 377 | . . . 253 . . . . . . . 36 . . 9 . . . . 79 . Core Remaining (%) 85 | 100 . 81 . 71 90 . . . . 96 . . . . 90 . . 73 . . Volleys Fired 473 | 9 33 7 126 22 33 3 . 1 . . . . 9 . 22 53 82 14 59 . Largest 3 | 2 2 1 2 2 2 2 . 2 . . . . 1 . 1 1 2 2 3 . Hottest 234 | 100 110 100 110 46 143 90 . 90 . . . . 85 . 48 48 107 128 234 . Shots Fired 795 | 18 58 7 250 44 65 6 . 2 . . . . 9 . 22 53 84 27 150 . Gun 504 | 18 25 . 213 44 60 6 . 2 . . . . . . . . 1 13 122 . Cannon 240 | . 25 . 35 . 4 . . . . . . . 3 . 14 50 76 14 19 . Launcher 24 | . . . . . . . . . . . . . 6 . 7 3 . . 8 . Special 27 | . 8 7 2 . 1 . . . . . . . . . 1 . 7 . 1 . Kinetic 503 | . 18 . 210 44 5 2 . . . . . . . . 14 50 76 14 70 . Thermal 189 | 18 40 7 40 . 5 . . . . . . . 3 . . . . 5 71 . Explosive 33 | . . . . . . . . . . . . . 6 . 8 3 7 . 9 . Electromagnetic 61 | . . . . . 55 4 . 2 . . . . . . . . . . . . Phasic 9 | . . . . . . . . . . . . . . . . . 1 8 . . Robot Hit Streak 60 | 4 7 . 60 6 20 11 . 14 . . . . 1 . . 4 8 6 15 . Robot Miss Streak 15 | 2 5 . 3 5 4 . . 1 . . . . 3 . 3 15 3 3 9 . Penetration Max 2 | . . . . . . . . . . . . . . . . 1 1 1 2 . Secondary Targets 9 | . . . 3 3 1 . . . . . . . . . . . . . 2 . Max Gunslinging Chain 1 | . . . 1 1 1 . . . . . . . . . . . . . 1 . Shots Hit Robots 503 | 11 27 . 184 26 51 11 . 2 . . 2 . 2 . . 20 66 18 83 . Core Hits 287 | 4 13 . 71 13 37 8 . 1 . . 1 . 6 . 1 24 38 7 63 . Critical Kills 11 | . . . . . . 1 . . . . . . . . . 3 . . 7 . Critical Parts Destroyed 11 | . 1 . . . . 2 . . . . . . . . 1 4 . . 3 . Critical Strikes 36 | 1 2 . . . . 3 . . . . . . . . 1 11 7 . 11 . Burn 3 | 1 1 . . . . . . . . . . . . . . . . . 1 . Destroy 19 | . 1 . . . . . . . . . . . . . 1 7 . . 10 . Blast 7 | . . . . . . . . . . . . . . . . . 7 . . . Smash 3 | . . . . . . 3 . . . . . . . . . . . . . . Sever 4 | . . . . . . . . . . . . . . . . 4 . . . . Melee Attacks 190 | . . . . . 3 32 . 4 . 7 30 4 9 1 17 21 38 . 24 . Impact 40 | . . . . . 3 32 . 4 . 1 . . . . . . . . . . Slashing 108 | . . . . . . . . . . 6 30 4 9 1 17 21 20 . . . Piercing 42 | . . . . . . . . . . . . . . . . . 18 . 24 . Sneak Attacks 24 | . . . . . . 5 . . . . . . . . . 2 14 . 3 . Combat Hostiles . | . . . . . . . . . . . . . . . . . . . . . Follow-up Attacks . | . . . . . . . . . . . . . . . . . . . . . Damage Inflicted 17200 | 137 473 . 2833 383 1295 678 . 73 . . 96 . 341 . 135 1496 4149 596 4509 6 Guns 6772 | 137 226 . 2438 383 885 94 . 20 . . . . . . . . . 300 2289 . Cannons 3355 | . 247 . 384 . 70 . . . . . . . . . 14 335 1691 296 318 . Explosions 4190 | . . . . . 308 . . 53 . . . . 341 . 121 729 1014 . 1624 . Melee 2573 | . . . . . . 584 . . . . 96 . . . . 432 1253 . 208 . Ramming 127 | . . . 11 . 32 . . . . . . . . . . . 41 . 37 6 Kinetic 6662 | . 189 . 2413 383 59 16 . . . . . . . . 14 335 1691 296 1266 . Thermal 2833 | 137 284 . 409 . 378 . . 53 . . . . . . . 162 . 69 1341 . Explosive 3667 | . . . . . . . . . . . . . 341 . 121 567 1014 . 1624 . Electromagnetic 924 | . . . . . 826 78 . 20 . . . . . . . . . . . . Impact 584 | . . . . . . 584 . . . . . . . . . . . . . . Slashing 1535 | . . . . . . . . . . . 96 . . . . 432 974 . 33 . Piercing 637 | . . . . . . . . . . . . . . . . . 429 . 208 . Phasic 231 | . . . . . . . . . . . . . . . . . . 231 . . Highest Corruption 21 | . . . . . . . . . . . . . . . . 1 1 1 20 21 Average Corruption 3 | . . . . . . . . . . . . . . . . 1 1 1 11 20 Corruption Purged . | . . . . . . . . . . . . . . . . . . . . . Corruption Blocked . | . . . . . . . . . . . . . . . . . . . . . Effects 78 | . . . . . . . . . . . . . . . . . 21 2 52 3 Message Errors 13 | . . . . . . . . . . . . . . . . . 3 . 8 2 Matter Fused 19 | . . . . . . . . . . . . . . . . . 7 1 11 . Heat Flow Errors 11 | . . . . . . . . . . . . . . . . . 2 . 9 . Energy Discharges 9 | . . . . . . . . . . . . . . . . . 3 1 5 . Parts Rejected 1 | . . . . . . . . . . . . . . . . . . . 1 . Parts Fused 1 | . . . . . . . . . . . . . . . . . . . 1 . Data Loss (minor) 7 | . . . . . . . . . . . . . . . . . 5 . 2 . Data Loss (major) 5 | . . . . . . . . . . . . . . . . . . . 5 . Misfires 5 | . . . . . . . . . . . . . . . . . 1 . 4 . Misdirections 2 | . . . . . . . . . . . . . . . . . . . 1 1 Weapon Failures 5 | . . . . . . . . . . . . . . . . . . . 5 . Overload Shots . | . . . . . . . . . . . . . . . . . . . . . Overflow Damage 1005 | . . . . . 34 381 . 2 . . 16 . . . . 117 223 . 232 . Projectiles 1 | . . . . . . . . . . . . . . . . . 1 . . . Explosions 199 | . . . . . 34 . . 2 . . . . . . . 64 . . 99 . Melee 805 | . . . . . . 381 . . . . 16 . . . . 53 222 . 133 . Knockbacks 9 | . . . . . . 1 . . . . . . . . . 2 6 . . . Impact 3 | . . . . . . 1 . . . . . . . . . . 2 . . . Kinetic 5 | . . . . . . . . . . . . . . . . 1 4 . . . Secondary 1 | . . . . . . . . . . . . . . . . 1 . . . . Self-Inflicted Damage 290 | . . . . . 17 . . 56 . . . . 26 . . 105 . . 83 3 Shots 7 | . . . . . 1 . . 1 . . . . 1 . . 2 . . 2 . Rammed 7 | . . . 3 . 3 . . . . . . . . . . . . . . 1 Targets Rammed 16 | . . . 3 . 3 . . . . . . . . . . . 7 . 2 1 Kicked 9 | . . . . . . . . . . . . . . . . . 7 . 2 . Crushed . | . . . . . . . . . . . . . . . . . . . . . Highest Temperature 361 | 195 234 80 361 37 63 2 . 42 . . 24 104 114 . . 97 204 105 348 . Average Temperature 46 | 77 66 36 28 11 23 1 . 16 . . 8 45 60 . . 27 57 42 103 . Received Heat Transfer 2037 | . 51 . 417 30 189 6 . 9 . . 12 . . . . 111 291 9 912 . Effects 1 | . . . . . . . . . . . . . . . . . . . 1 . Shutdowns 1 | . . . . . . . . . . . . . . . . . . . 1 . Siege Activations . | . . . . . . . . . . . . . . . . . . . . . Martial Activations . | . . . . . . . . . . . . . . . . . . . . . Shielding Activations . | . . . . . . . . . . . . . . . . . . . . . Robots Disrupted . | . . . . . . . . . . . . . . . . . . . . . Combat Hostiles . | . . . . . . . . . . . . . . . . . . . . . Robots Corrupted 3 | . . . . . 1 1 . . . . . . . . . . 1 . . . Combat Hostiles 1 | . . . . . 1 . . . . . . . . . . . . . . . Parts Fried 10 | . . . . . 3 5 . . . . . . . . . . 2 . . . Impact Corruptions 9 | . . . . . . 8 . . . . . . . . . . 1 . . . Robots Melted 1 | 1 . . . . . . . . . . . . . . . . . . . . Combat Hostiles . | . . . . . . . . . . . . . . . . . . . . . Parts Melted 11 | 1 2 . . . 2 . . . . . . . . . 1 . . . 5 . Heat Transferred 4433 | 481 703 . 888 . 411 . . . . . . . . . . 100 . 111 1739 . Parts Sabotaged . | . . . . . . . . . . . . . . . . . . . . . Parts Stolen . | . . . . . . . . . . . . . . . . . . . . . Parts Stripped . | . . . . . . . . . . . . . . . . . . . . . Power Chain Reactions 5 | . . . . . 4 . . 1 . . . . . . . . . . . . Alert | -11 -10 -10 -9 -9 -8 -7 -7 -7 -7 -6 -6 -6 -6 -6 -5 -5 -5 -5 -4 -4 ------- Run | Yrd Mat Min Mat Min Mat Fac Low Low Dat Pro Fac Low Low Zio Pro Fac Ext Cet Fac Upp Maximum Alert Level 2 | . . . 2 1 1 . . . . . . . . . . 2 2 1 2 . Low Security (%) 56 | 100 100 100 50 4 92 100 . . . . 100 . . . . 27 . 95 33 . Level 1 26 | . . . 23 95 7 . . . . . . . . . . 59 56 4 33 . Level 2 17 | . . . 26 . . . . . . . . . . . . 12 43 . 32 . Level 3 . | . . . . . . . . . . . . . . . . . . . . . Level 4 . | . . . . . . . . . . . . . . . . . . . . . Level 5 . | . . . . . . . . . . . . . . . . . . . . . High Security . | . . . . . . . . . . . . . . . . . . . . . Max Security . | . . . . . . . . . . . . . . . . . . . . . Peak Influence 516 | 10 119 3 480 324 222 105 . . . . 35 . . . . 516 512 220 496 . Initial 245 | . . 3 . 184 72 88 . . . . . . . . . . 245 220 . . Average 182 | 1 38 . 216 265 98 43 . . . . 7 . . . . 260 373 76 264 . Influence Increases 6270 | 20 269 2 1014 290 565 235 . 80 . . 170 . 90 . 119 850 1170 137 1244 15 Destroy 0b10 Robot/C 3020 | . 180 . 680 220 260 20 . 20 . . . . 80 . 80 380 580 80 440 . Destroy 0b10 Robot/NC 330 | 20 10 . 65 . 25 35 . . . . 5 . . . . 15 80 5 70 . Destroy Leader 572 | . 42 . 176 40 78 12 . . . . 2 . 10 . . 42 76 . 94 . Allied During Kill 270 | . . . . . . . . . . . . . . . 24 40 167 8 31 . Successful Hack 214 | . 3 . 38 . 26 40 . . . . 47 . . . . 10 . . 50 . Disable Machine 390 | . 15 . . 30 45 30 . . . . 15 . . . . 90 15 30 120 . Destroy Structure 739 | . 4 2 10 . 56 23 . . . . 26 . . . . 168 222 14 214 . Partial Spotted 180 | . 15 . . . . 45 . . . . 45 . . . . 45 15 . 15 . Lose Combat Pursuer 555 | . . . 45 . 75 30 . 60 . . 30 . . . 15 60 15 . 210 15 Influence Decreases 6038 | 20 261 10 541 575 559 429 . 69 11 . 169 1 90 . 119 348 1277 532 770 257 Entered New Map 1137 | . . 5 . 289 116 106 . . 11 . . 1 . . . . 257 175 . 177 Time Decay 3881 | 20 261 5 531 286 443 323 . 59 . . 153 . 90 . 59 294 670 247 400 40 Lost Part 480 | . . . 10 . . . . 10 . . . . . . . 30 50 30 310 40 Lost Ally 524 | . . . . . . . . . . . . . . . 60 24 300 80 60 . Purge Threat 16 | . . . . . . . . . . . 16 . . . . . . . . . Squads Dispatched 30 | . 3 . 3 . 2 4 . . . . 3 . . . . 5 1 . 9 . Investigation 11 | . 2 . . . 2 2 . . . . 1 . . . . 2 1 . 1 . Extermination 10 | . . . . . . 2 . . . . 2 . . . . 2 . . 4 . Reinforcement 8 | . 1 . 3 . . . . . . . . . . . . 1 . . 3 . Assault 1 | . . . . . . . . . . . . . . . . . . . 1 . Garrison . | . . . . . . . . . . . . . . . . . . . . . Intercept . | . . . . . . . . . . . . . . . . . . . . . Searches Triggered . | . . . . . . . . . . . . . . . . . . . . . Data Miner Redirects 2 | . . . . . . . . . . . . . . . . 1 . . 1 . Construction Impeded 1 | . . . . . . . . . . . . . . . . . . . 1 . Haulers Reinforced . | . . . . . . . . . . . . . . . . . . . . . Active Scanning Responses . | . . . . . . . . . . . . . . . . . . . . . Cargo Convoy Interrupts . | . . . . . . . . . . . . . . . . . . . . . Stealth | -11 -10 -10 -9 -9 -8 -7 -7 -7 -7 -6 -6 -6 -6 -6 -5 -5 -5 -5 -4 -4 --------- Run | Yrd Mat Min Mat Min Mat Fac Low Low Dat Pro Fac Low Low Zio Pro Fac Ext Cet Fac Upp Distress Signals 13 | . . . 4 . 1 1 . . . . . . . . . 1 1 1 4 . Communications Jammed 2 | . . . . . . . . . . . . . . . . 2 . . . . Distress Signals 2 | . . . . . . . . . . . . . . . . 2 . . . . Times Spotted 238 | . 17 . 52 13 21 4 . 5 . . 5 . 4 . 4 26 28 5 48 6 Peak Tracking Total 12 | . 5 . 6 4 6 2 . 3 . . 2 . 4 . 3 12 5 5 10 4 Tactical Retreats 27 | . 1 . 3 1 3 2 . 2 . . 2 . . . 1 3 1 . 7 1 Traps | -11 -10 -10 -9 -9 -8 -7 -7 -7 -7 -6 -6 -6 -6 -6 -5 -5 -5 -5 -4 -4 ------- Run | Yrd Mat Min Mat Min Mat Fac Low Low Dat Pro Fac Low Low Zio Pro Fac Ext Cet Fac Upp Traps Triggered 14 | . 3 . . . 2 1 . . . . . . . . . 1 4 . 3 . Indirectly . | . . . . . . . . . . . . . . . . . . . . . Trap Hack Attempts . | . . . . . . . . . . . . . . . . . . . . . Triggered . | . . . . . . . . . . . . . . . . . . . . . Disarmed . | . . . . . . . . . . . . . . . . . . . . . Reprogrammed . | . . . . . . . . . . . . . . . . . . . . . Reused . | . . . . . . . . . . . . . . . . . . . . . Traps Extracted . | . . . . . . . . . . . . . . . . . . . . . Installed . | . . . . . . . . . . . . . . . . . . . . . Triggered . | . . . . . . . . . . . . . . . . . . . . . Machines | -11 -10 -10 -9 -9 -8 -7 -7 -7 -7 -6 -6 -6 -6 -6 -5 -5 -5 -5 -4 -4 ---------- Run | Yrd Mat Min Mat Min Mat Fac Low Low Dat Pro Fac Low Low Zio Pro Fac Ext Cet Fac Upp Machines Disabled 30 | . 1 . . 2 3 2 . . . . 1 1 . . . 6 4 2 8 . Max in Single Turn 4 | . 1 . . 1 2 1 . . . . 1 1 . . . 4 1 1 4 . Garrison Access 3 | . . . . . 1 1 . . . . 1 . . . . . . . . . Machines Repaired . | . . . . . . . . . . . . . . . . . . . . . Machines Dismantled 2 | . . . . . . . . . . . . . . . . . . 2 . . Machines Sabotaged . | . . . . . . . . . . . . . . . . . . . . . Overloaded Fab Kills . | . . . . . . . . . . . . . . . . . . . . . Hacking | -11 -10 -10 -9 -9 -8 -7 -7 -7 -7 -6 -6 -6 -6 -6 -5 -5 -5 -5 -4 -4 --------- Run | Yrd Mat Min Mat Min Mat Fac Low Low Dat Pro Fac Low Low Zio Pro Fac Ext Cet Fac Upp Machines Accessed 70 | . 6 1 16 . 10 10 . 1 4 . 10 1 . . . 4 2 1 3 1 Terminals 37 | . 3 1 10 . 5 7 . . . . 8 . . . . 1 1 1 . . Fabricators . | . . . . . . . . . . . . . . . . . . . . . Repair Stations 6 | . 1 . 2 . . . . . . . 1 . . . . . . . 2 . Recycling Units 10 | . 2 . 2 . 2 1 . . . . . . . . . 2 1 . . . Scanalyzers 7 | . . . 2 . 2 1 . . . . . . . . . 1 . . 1 . Garrison Access 3 | . . . . . 1 1 . . . . 1 . . . . . . . . . Total Hacks 204 | . 14 1 64 . 32 23 . 1 26 . 23 1 . . . 8 2 3 5 1 Successful 126 | . 6 . 41 . 19 9 . 1 26 . 12 1 . . . 5 1 . 4 1 Failed 77 | . 8 1 22 . 13 14 . . . . 11 . . . . 3 1 3 1 . Catastrophic 8 | . 1 1 . . . 2 . . . . 1 . . . . 2 . 1 . . Database Lockouts 1 | . . . 1 . . . . . . . . . . . . . . . . . Manual 82 | . 8 1 11 . 12 7 . . . . 10 . . . . 20 6 . 7 . Terminals 97 | . 8 1 31 . 20 13 . . . . 19 . . . . 1 1 3 . . Fabricators . | . . . . . . . . . . . . . . . . . . . . . Repair Stations 18 | . 3 . 10 . . . . . . . 2 . . . . . . . 3 . Recycling Units 17 | . 3 . 4 . 3 2 . . . . . . . . . 4 1 . . . Scanalyzers 37 | . . . 19 . 6 7 . . . . . . . . . 3 . . 2 . Garrison Access 6 | . . . . . 3 1 . . . . 2 . . . . . . . . . Terminal Hacks 60 | . 2 . 13 . 7 2 . 1 26 . 6 1 . . . 1 . . . 1 Record 11 | . . . . . . . . . 11 . . . . . . . . . . . Part Schematic 9 | . . . 1 . . . . . 8 . . . . . . . . . . . Robot Schematic 4 | . . . . . . . . . 4 . . . . . . . . . . . Prototype ID Bank 9 | . 1 . 3 . 2 . . . 3 . . . . . . . . . . . Open Door 3 | . . . . . . . . 1 . . . 1 . . . . . . . 1 Open DSF 2 | . . . . . . 1 . . . . . . . . . 1 . . . . Branch Access Points 2 | . . . 1 . 1 . . . . . . . . . . . . . . . Emergency Access Points 3 | . . . 2 . . 1 . . . . . . . . . . . . . . Repair Station Index 1 | . . . 1 . . . . . . . . . . . . . . . . . Scanalyzer Index 1 | . . . . . 1 . . . . . . . . . . . . . . . Unreport Threat 2 | . . . . . . . . . . . 2 . . . . . . . . . Locate Traps 3 | . . . 2 . . . . . . . 1 . . . . . . . . . Recall Investigation 1 | . . . . . 1 . . . . . . . . . . . . . . . Recall Extermination 2 | . . . . . . . . . . . 2 . . . . . . . . . Hauler Manifests 3 | . . . 2 . 1 . . . . . . . . . . . . . . . Registered Prototypes 1 | . . . . . . . . . . . 1 . . . . . . . . . Zone Layout 3 | . 1 . 1 . 1 . . . . . . . . . . . . . . . Fabricator Hacks . | . . . . . . . . . . . . . . . . . . . . . Repair Station Hacks 11 | . 1 . 7 . . . . . . . 2 . . . . . . . 1 . Scan Component 7 | . 1 . 4 . . . . . . . 1 . . . . . . . 1 . Repair 4 | . . . 3 . . . . . . . 1 . . . . . . . . . Recycling Unit Hacks 7 | . 2 . 2 . 2 . . . . . . . . . . . 1 . . . Retrieve Components 7 | . 2 . 2 . 2 . . . . . . . . . . . 1 . . . Scanalyzer 32 | . . . 16 . 6 5 . . . . . . . . . 3 . . 2 . Insert Component 12 | . . . 7 . 2 3 . . . . . . . . . . . . . . Analyze 13 | . . . 8 . 3 2 . . . . . . . . . . . . . . Retrieve Study 7 | . . . 1 . 1 . . . . . . . . . . 3 . . 2 . Garrison Access Hacks 3 | . . . . . 1 1 . . . . 1 . . . . . . . . . Seal Access 3 | . . . . . 1 1 . . . . 1 . . . . . . . . . Unauthorized Hacks 13 | . 1 . 3 . 3 1 . . . . 3 . . . . 1 . . 1 . Terminals 9 | . . . 2 . 3 1 . . . . 3 . . . . . . . . . Botnet 9 | . . . 2 . 3 1 . . . . 3 . . . . . . . . . Fabricators . | . . . . . . . . . . . . . . . . . . . . . Repair Stations 1 | . . . . . . . . . . . . . . . . . . . 1 . Patch 1 | . . . . . . . . . . . . . . . . . . . 1 . Recycling Units 3 | . 1 . 1 . . . . . . . . . . . . 1 . . . . Reject 1 | . . . . . . . . . . . . . . . . 1 . . . . Recyclers 2 | . 1 . 1 . . . . . . . . . . . . . . . . . Scanalyzers . | . . . . . . . . . . . . . . . . . . . . . Garrison Access . | . . . . . . . . . . . . . . . . . . . . . Data Cores Recovered . | . . . . . . . . . . . . . . . . . . . . . Used . | . . . . . . . . . . . . . . . . . . . . . Hacking Detections 49 | . 4 1 13 . 8 9 . . . . 8 . . . . 2 1 1 2 . Full Trace Events 6 | . 2 . . . . 2 . . . . 1 . . . . 1 . . . . Feedback Events 1 | . . . . . . . . . . . . . . . . 1 . . . . Corruption 1 | . . . . . . . . . . . . . . . . 1 . . . . Feedback Blocked . | . . . . . . . . . . . . . . . . . . . . . Robot Schematics Acquired 7 | . . . . . . . . . 4 . . . . 3 . . . . . . Robots Built . | . . . . . . . . . . . . . . . . . . . . . Authchips . | . . . . . . . . . . . . . . . . . . . . . Time . | . . . . . . . . . . . . . . . . . . . . . Total Robot Build Rating . | . . . . . . . . . . . . . . . . . . . . . Part Schematics Acquired 35 | . . . 8 . 2 2 . . 8 . . . . 15 . . . . . . Parts Built . | . . . . . . . . . . . . . . . . . . . . . Authchips . | . . . . . . . . . . . . . . . . . . . . . Time . | . . . . . . . . . . . . . . . . . . . . . Total Part Build Rating . | . . . . . . . . . . . . . . . . . . . . . Part Studies Acquired 7 | . . . 1 . 1 . . . . . . . . . . 3 . . 2 . Parts Repaired 4 | . . . 3 . . . . . . . 1 . . . . . . . . . Time 132 | . . . 102 . . . . . . . 30 . . . . . . . . . Parts Recycled . | . . . . . . . . . . . . . . . . . . . . . Recycled Matter . | . . . . . . . . . . . . . . . . . . . . . Retrieved Matter . | . . . . . . . . . . . . . . . . . . . . . Retrieved Components 24 | . 2 . 11 . 9 . . . . . . . . . . . 2 . . . Parts Scanalyzed 11 | . . . 7 . 2 2 . . . . . . . . . . . . . . Part Schematics Acquired 11 | . . . 7 . 2 2 . . . . . . . . . . . . . . Parts Damaged . | . . . . . . . . . . . . . . . . . . . . . Bothacking | -11 -10 -10 -9 -9 -8 -7 -7 -7 -7 -6 -6 -6 -6 -6 -5 -5 -5 -5 -4 -4 ------------ Run | Yrd Mat Min Mat Min Mat Fac Low Low Dat Pro Fac Low Low Zio Pro Fac Ext Cet Fac Upp Used RIF Installer . | . . . . . . . . . . . . . . . . . . . . . Robots Hacked . | . . . . . . . . . . . . . . . . . . . . . Non-combat . | . . . . . . . . . . . . . . . . . . . . . Combat . | . . . . . . . . . . . . . . . . . . . . . Robot Hacks Applied . | . . . . . . . . . . . . . . . . . . . . . Relay Couplers Released . | . . . . . . . . . . . . . . . . . . . . . Fabnet Peak Effective % . | . . . . . . . . . . . . . . . . . . . . . Robots Rewired 8 | . . . . . . . . . . . . . . . . . 8 . . . Allies Hacked 1 | . . . . . . . . . . . . . . . . 1 . . . . Hacks Repelled . | . . . . . . . . . . . . . . . . . . . . . Allies | -11 -10 -10 -9 -9 -8 -7 -7 -7 -7 -6 -6 -6 -6 -6 -5 -5 -5 -5 -4 -4 -------- Run | Yrd Mat Min Mat Min Mat Fac Low Low Dat Pro Fac Low Low Zio Pro Fac Ext Cet Fac Upp Total Allies 34 | . . . . . . . . . . . . . . 4 . 4 23 . 3 . Largest Group 10 | . . . . . . . . . . . . . . 4 4 4 10 6 4 . Highest-Rated Group 397 | . . . . . . . . . . . . . . 152 152 112 397 182 277 . Highest-Rated Ally 85 | . . . . . . . . . . . . . . 39 39 28 85 39 81 . Zionite Dispatches 4 | . . . . . . . . . . . . . . . . 2 1 . 1 . Heavy 1 | . . . . . . . . . . . . . . . . . 1 . . . Recon 1 | . . . . . . . . . . . . . . . . 1 . . . . Fire 1 | . . . . . . . . . . . . . . . . 1 . . . . Hacker 1 | . . . . . . . . . . . . . . . . . . . 1 . Total Orders 11 | . . . . . . . . . . . . . . . . 6 2 . 3 . ROAM 3 | . . . . . . . . . . . . . . . . 1 1 . 1 . EXPLORE 3 | . . . . . . . . . . . . . . . . 2 . . 1 . RETURN 5 | . . . . . . . . . . . . . . . . 3 1 . 1 . Ally Attacks 191 | . . . . . . . . . . . . . . . 12 8 123 37 11 . Total Damage 4567 | . . . . . . . . . . . . . . . 233 76 3157 651 450 . Kills 35 | . . . . . . . . . . . . . . . 3 2 25 2 3 . Allies Corrupted . | . . . . . . . . . . . . . . . . . . . . . Allies Melted . | . . . . . . . . . . . . . . . . . . . . . Intel | -11 -10 -10 -9 -9 -8 -7 -7 -7 -7 -6 -6 -6 -6 -6 -5 -5 -5 -5 -4 -4 ------- Run | Yrd Mat Min Mat Min Mat Fac Low Low Dat Pro Fac Low Low Zio Pro Fac Ext Cet Fac Upp Active Infowar (turns) 14201 | 59 891 1540 1560 284 819 748 261 802 27 291 545 261 396 608 694 573 1775 544 1441 82 Optics 158 | . . . . . . . . . . . . . . . . . . . 76 82 Sensors 8322 | . . . . . . 327 261 760 . 288 525 261 396 608 694 571 1771 544 1282 34 Structural 253 | . . . . . . . . . . . . . . . . . . . 221 32 Seismic 5794 | 59 891 1540 1560 284 819 423 . 42 27 81 20 . . . . . . . 48 . Jamming 2380 | . . . . . . . . . . . . . . . . 374 1775 . 231 . Robot Analysis Total . | . . . . . . . . . . . . . . . . . . . . . Derelict Logs Recovered 10 | . . 1 . 1 . . 1 1 . 1 . 1 1 1 1 . . . . 1 Drone Launches 7 | . . . . . . . . . . . . . . . . 4 1 . 2 . Drone Recoveries 5 | . . . . . . . . . . . . . . . . 2 1 . 2 . Zionite Intel Received 2 | . . . . . . . . . . . . . . . . 2 . . . . Unaware Analyses 1 | . . . . . . . . . . . . . . . . 1 . . . . Active Garrisons 1 | . . . . . . . . . . . . . . . . 1 . . . . Exploration | -11 -10 -10 -9 -9 -8 -7 -7 -7 -7 -6 -6 -6 -6 -6 -5 -5 -5 -5 -4 -4 ------------- Run | Yrd Mat Min Mat Min Mat Fac Low Low Dat Pro Fac Low Low Zio Pro Fac Ext Cet Fac Upp Turns Passed 17703 | 138 1034 1540 2550 622 1246 823 261 802 27 291 545 261 405 608 694 808 2588 669 1709 82 Spaces Moved 18022 | 64 407 622 1060 349 600 1500 926 799 89 897 993 906 1198 1590 1500 1356 1700 368 954 144 Core 225 | 3 . . . . . . . . . . . . . . . . . . 78 144 Treads 3152 | 61 407 622 1060 349 600 51 . . . . . . . . . . 2 . . . Legs 2727 | . . . . . . . . . . . . . . . . . 1483 368 876 . Wheels . | . . . . . . . . . . . . . . . . . . . . . Hover . | . . . . . . . . . . . . . . . . . . . . . Flight 11918 | . . . . . . 1449 926 799 89 897 993 906 1198 1590 1500 1356 215 . . . Fastest Speed 22 | 50 160 240 160 160 160 28 28 28 28 28 24 24 27 24 24 22 22 115 50 50 Average Speed 68 | 154 179 240 171 160 160 32 28 28 28 28 27 27 27 27 25 23 116 119 109 50 Slowest Speed 250 | 160 240 240 240 160 160 168 28 28 28 28 28 28 28 99 26 26 250 214 200 50 Overloaded Moves . | . . . . . . . . . . . . . . . . . . . . . Propulsion Burnouts . | . . . . . . . . . . . . . . . . . . . . . Robots Hopped 8 | . . . . . . 1 . . . . 2 . . . . 5 . . . . Potential Cave-ins 2 | . . . . . . . . . . . . . 2 . . . . . . . Cave-ins Triggered . | . . . . . . . . . . . . . . . . . . . . . Exploration Rate (%) 62 | 4 55 95 91 48 52 26 96 63 70 80 22 95 89 93 85 20 95 80 19 31 Regions Visited 20 Branch Regions 13 Pre-discovered Areas 7 | . . 2 . . . . . . 1 . . . . 2 1 . . . . 1 Known Exits Taken 15 | . . . 1 . 1 1 1 1 1 1 1 1 1 1 1 1 1 1 . . Unknown Exits Taken 5 | 1 1 1 . 1 . . . . . . . . . . . . . . 1 . Scrap Searched 16 | . . 2 . 1 . . 3 . . 2 . 2 2 2 2 . . . . . Spaces Dug 166 | . 3 . 1 . 4 23 . 4 . 7 26 3 10 . 51 8 7 . 19 . Terrain Destroyed 680 | . 7 5 1 . 66 23 . 11 . 7 26 3 74 . 115 83 137 6 116 . Melee 125 | . . . . . 3 23 . 4 . 7 26 3 9 . 17 8 6 . 19 . Projectile 133 | . 7 5 1 . 1 . . . . . . . 3 . 11 23 39 6 37 . AOE 422 | . . . . . 62 . . 7 . . . . 62 . 87 52 92 . 60 . Terrain Rammed . | . . . . . . . . . . . . . . . . . . . . . Walls Destroyed . | . . . . . . . . . . . . . . . . . . . . . Machines Disabled . | . . . . . . . . . . . . . . . . . . . . . Actions | -11 -10 -10 -9 -9 -8 -7 -7 -7 -7 -6 -6 -6 -6 -6 -5 -5 -5 -5 -4 -4 --------- Run | Yrd Mat Min Mat Min Mat Fac Low Low Dat Pro Fac Low Low Zio Pro Fac Ext Cet Fac Upp Total 22133 | 82 638 648 1580 378 808 1765 927 1363 89 923 1224 914 1253 1765 1757 1750 2165 507 1444 153 Wait 2673 | . 170 14 275 2 108 187 . 552 . 10 177 5 30 143 210 284 170 40 291 5 Move 17987 | 63 406 621 1059 348 599 1497 925 798 88 896 988 905 1197 1589 1499 1346 1699 367 953 144 Hop 7 | . . . . . . 1 . . . . 2 . . . . 4 . . . . Pick Up 120 | 3 14 4 23 1 13 3 1 . . 1 9 . 1 6 . 4 21 4 11 1 Fast Attach 65 | 7 1 . 10 . 1 5 . . . 2 2 . . 7 1 9 14 4 2 . Attach 70 | . . . 2 . 5 9 . 1 . . 3 . . . . 5 6 5 32 2 Detach 38 | . 1 . 4 . . 7 . . . 2 1 . . 1 1 3 7 3 8 . Swap 213 | . 9 2 41 3 27 9 . 7 1 4 4 . 6 6 6 13 24 6 45 . Drop 142 | . 4 . 37 2 16 12 1 . . 1 8 . 1 12 1 8 27 3 9 . Fire 473 | 9 33 7 126 22 33 3 . 1 . . . . 9 . 22 53 82 14 59 . Melee 190 | . . . . . 3 32 . 4 . 7 30 4 9 1 17 21 38 . 24 . Ram 1 | . . . . . . . . . . . . . . . . . . . . 1 Kick 9 | . . . . . . . . . . . . . . . . . 7 . 2 . Crush 6 | . . . 3 . 3 . . . . . . . . . . . . . . . Escape Stasis 20 | . . . . . . . . . . . . . . . . . 20 . . . Rewire 50 | . . . . . . . . . . . . . . . . . 50 . . . Trap . | . . . . . . . . . . . . . . . . . . . . . Miscellaneous 69 | . . . . . . . . . . . . . . . . . . 61 8 . Route ------- -11/Scrapyard -10/Materials (discovered 4 exits: *Mat x3 / *Min) -10/Mines (discovered 3 exits: *Mat x2 / [*Sub]) -9/Materials (discovered 4 exits: *Mat x2 / *Min x2) -9/Mines -8/Materials (discovered 4 exits: *Fac x2 / *Sto x2) -7/Factory (discovered 2 exits: *Fac / *Low) -7/Lower Caves -7/Lower Caves (discovered 2 exits: *Fac / *Dat) -7/Data Miner -6/Proximity Caves -6/Factory (discovered 2 exits: *Fac / *Low) -6/Lower Caves -6/Lower Caves (discovered 2 exits: *Fac / *Zio) -6/Zion (discovered 2 exits: Dee / *Pro) -5/Proximity Caves -5/Factory -5/Extension (discovered 2 exits: *Fac / *Cet) -5/Cetus -4/Factory -4/Upper Caves History --------- Turn | Location | Event 19 | -11/Scrapyard | Discovered new exit (range 15) 139 | -11/Scrapyard | Entered Materials 302 | -10/Materials | Build established: Mutant 401 | -10/Materials | Discovered new exit (range 10) 639 | -10/Materials | Derelicts attacked the area 1048 | -10/Materials | Discovered new exit (range 13) 1131 | -10/Materials | Discovered new exit (range 12) 1131 | -10/Materials | Discovered new exit (range 18) 1173 | -10/Materials | Entered Mines 1174 | -10/Mines | Learned location of Storage (-8) 1175 | -10/Mines | Met a Derelict bent on vengeance 1414 | -10/Mines | Discovered new exit (range 5) 1467 | -10/Mines | Received a Rocket Launcher from a helpful Derelict 1578 | -10/Mines | Discovered new exit (range 10) 2316 | -10/Mines | Discovered new exit (range 6) 2713 | -10/Mines | Entered Materials 2713 | -9/Materials | Evolved 2 slots: Propulsion x1, Utility x1 3506 | -9/Materials | Discovered new exit (range 16) 3587 | -9/Materials | Central database locked down 3725 | -9/Materials | Build established: Scavenger-Mutant 3863 | -9/Materials | Identified exit to Mines 4191 | -9/Materials | Discovered new exit (range 16) 4834 | -9/Materials | Repaired Autogun+ 4879 | -9/Materials | Repaired Broken Autogun+ 4933 | -9/Materials | Repaired Lgt. Armor Plating 5133 | -9/Materials | Discovered new exit (range 3) 5263 | -9/Materials | Entered Mines 5264 | -9/Mines | Assembled infested the area 5307 | -9/Mines | Learned 2 Materials zone layouts 5628 | -9/Mines | Discovered new exit (range 7) 5782 | -9/Mines | Found a damaged Exp. Sensor Array with a note attached 5785 | -9/Mines | Found Prototype Device 5885 | -9/Mines | Entered Materials 5885 | -8/Materials | Evolved 2 slots: Propulsion x1, Utility x1 5886 | -8/Materials | Identified exit to Factory 6547 | -8/Materials | Build established: Mutant 6730 | -8/Materials | Discovered new exit (range 6) 6793 | -8/Materials | Discovered exit to Factory (range 9) 6812 | -8/Materials | Identified exit to Storage 7131 | -8/Materials | Entered Factory 7131 | -7/Factory | Evolved 2 slots: Propulsion x1, Utility x1 7259 | -7/Factory | Identified Exp. Sensor Array 7530 | -7/Factory | Build established: Scavenger-Sprinter 7929 | -7/Factory | Build established: Sprinter 7932 | -7/Factory | Discovered new exit (range 15) 7936 | -7/Factory | Identified exit to Lower Caves 7945 | -7/Factory | Discovered new exit (range 3) 7945 | -7/Factory | Identified exit to Factory 7954 | -7/Factory | Entered Lower Caves 8050 | -7/Lower Caves | Learned Factory terminal intel 8150 | -7/Lower Caves | Discovered new exit (range 11) 8153 | -7/Lower Caves | Identified exit to Lower Caves 8206 | -7/Lower Caves | Entered a destroyed Warlord outpost 8215 | -7/Lower Caves | Entered another Lower Caves area 8217 | -7/Lower Caves | Discovered exit to Factory (range 9) 8994 | -7/Lower Caves | Spotted B-75 Beast 9005 | -7/Lower Caves | Discovered new exit (range 14) 9012 | -7/Lower Caves | Learned location of 1 exit from Proximity Caves 9017 | -7/Lower Caves | Identified exit to Data Miner 9017 | -7/Lower Caves | Entered Data Miner 9019 | -7/Data Miner | Discovered new exit (range 6) 9022 | -7/Data Miner | Identified exit to Proximity Caves 9026 | -7/Data Miner | Met Data Miner 9032 | -7/Data Miner | Learned location of Section 7 (-2) 9032 | -7/Data Miner | Acquired the access code to Warlord's prototype stash 9037 | -7/Data Miner | Received God Mode back door access code from Data Miner 9044 | -7/Data Miner | Entered Proximity Caves 9206 | -6/Proximity Caves | Learned Factory emergency access door positions 9335 | -6/Proximity Caves | Entered Factory 9335 | -6/Factory | Evolved 2 slots: Propulsion x1, Utility x1 9337 | -6/Factory | Loaded intel: 26 terminal locations 9461 | -6/Factory | Discovered new exit (range 10) 9571 | -6/Factory | Repaired Imp. VTOL Module? 9590 | -6/Factory | Identified exit to Factory 9620 | -6/Factory | Build established: Hacker-Sprinter 9862 | -6/Factory | Discovered new exit (range 10) 9864 | -6/Factory | Identified exit to Lower Caves 9880 | -6/Factory | Entered Lower Caves 10065 | -6/Lower Caves | Discovered new exit (range 6) 10066 | -6/Lower Caves | Identified exit to Lower Caves 10067 | -6/Lower Caves | Learned Factory stockpile data 10141 | -6/Lower Caves | Entered another Lower Caves area 10144 | -6/Lower Caves | Found DCF Scrap (13 items) 10201 | -6/Lower Caves | Learned Factory emergency access door positions 10428 | -6/Lower Caves | Discovered exit to Factory (range 6) 10544 | -6/Lower Caves | Discovered new exit (range 7) 10546 | -6/Lower Caves | Identified exit to Zion 10546 | -6/Lower Caves | Entered Zion 10587 | -6/Zion | Discovered new exit (range 13) 10598 | -6/Zion | Identified exit to Proximity Caves 10626 | -6/Zion | Learned location of Warlord (-4) 10676 | -6/Zion | Identified exit to Deep Caves 10678 | -6/Zion | Found Prototype Special Weapon 10678 | -6/Zion | Identified RU-N14's Throwing Claymores 10689 | -6/Zion | Given the Hacking Drone Bay 10690 | -6/Zion | Found Prototype Device 10690 | -6/Zion | Identified Hacking Drone Bay 10740 | -6/Zion | Learned location of Quarantine (-3) 10745 | -6/Zion | Found Prototype Device 10745 | -6/Zion | Identified Mobile Refinery Mk. CCLXVII 10856 | -6/Zion | Met Imprinter 10862 | -6/Zion | Imprinted 10864 | -6/Zion | Declared Zion's savior 10904 | -6/Zion | Found GAL Module 10975 | -6/Zion | Found RU-N14's Throwing Claymores 11154 | -6/Zion | Entered Proximity Caves 11154 | -5/Proximity Caves | Accompanied by 4 allies 11515 | -5/Proximity Caves | Build established: Derelict-Sprinter 11831 | -5/Proximity Caves | Discovered exit to Factory (range 14) 11848 | -5/Proximity Caves | Entered Factory 11848 | -5/Factory | Evolved 2 slots: Power x1, Propulsion x1 11890 | -5/Factory | Identified exit to DSF 11983 | -5/Factory | Retrieved Zion intel report: Active Garrisons 11987 | -5/Factory | Zion Recon squad teleported in 11988 | -5/Factory | Incoming investigation squad redirected 12109 | -5/Factory | Destroyed 8 combat bots 12407 | -5/Factory | Zion Fire squad teleported in 12535 | -5/Factory | P-70 Sage assimilated allied Q5-7TE(i) 12573 | -5/Factory | Destroyed 7 combat bots 12627 | -5/Factory | Retrieved Zion intel report: Unaware Analyses 12646 | -5/Factory | Discovered new exit (range 16) 12650 | -5/Factory | Identified exit to Extension 12656 | -5/Factory | Entered Extension 12771 | -5/Extension | Zion Heavy squad teleported in 13077 | -5/Extension | Build established: Scavenger-Mutant 13126 | -5/Extension | Spotted B-75 Beast 13130 | -5/Extension | Rescued a captive Derelict 13131 | -5/Extension | Rescued a captive Derelict 13152 | -5/Extension | Rescued a captive Derelict 13190 | -5/Extension | Rescued a captive Derelict 13191 | -5/Extension | Rescued a captive Derelict 13606 | -5/Extension | Disrupted transfer network 13624 | -5/Extension | Build established: Commander-Mutant 13684 | -5/Extension | Allies destroyed B-75 Beast 13698 | -5/Extension | Spotted B-75 Beast 13737 | -5/Extension | Allies destroyed B-75 Beast 13757 | -5/Extension | Lost 8 allies 14092 | -5/Extension | Build established: Messiah-Mutant 14101 | -5/Extension | Rescued a captive Derelict 14111 | -5/Extension | Rescued a captive Derelict 14197 | -5/Extension | Lost 3 allies 14208 | -5/Extension | Terminal network hard line cut 14327 | -5/Extension | Rescued a captive Derelict 14331 | -5/Extension | Rescued a captive Derelict 14331 | -5/Extension | Rescued a captive Derelict 14343 | -5/Extension | Rescued a captive Derelict 14344 | -5/Extension | Rescued a captive Derelict 14352 | -5/Extension | Rescued a captive Derelict 14908 | -5/Extension | Discovered new exit (range 16) 14908 | -5/Extension | Discovered new exit (range 16) 14925 | -5/Extension | Identified exit to Factory 14982 | -5/Extension | Identified exit to Cetus 15244 | -5/Extension | Entered Cetus 15244 | -5/Cetus | Accompanied by 6 allies 15260 | -5/Cetus | Spotted Cetus Guard 15260 | -5/Cetus | Spotted Cetus Guard 15279 | -5/Cetus | Spotted Cetus Guard 15281 | -5/Cetus | Spotted Cetus Guard 15292 | -5/Cetus | Destroyed Cetus Guard 15295 | -5/Cetus | Destroyed Cetus Guard 15308 | -5/Cetus | Destroyed Cetus Guard 15321 | -5/Cetus | Allies destroyed Cetus Guard 15322 | -5/Cetus | Lost 4 allies 15351 | -5/Cetus | Lost 3 parts (1n1u1w) 15432 | -5/Cetus | Discovered exit to Factory (range 16) 15913 | -5/Cetus | Entered Factory 15913 | -4/Factory | Accompanied by 2 allies 15913 | -4/Factory | Evolved 2 slots: Utility x1, Weapon x1 16171 | -4/Factory | Zion Hacker squad teleported in 16383 | -4/Factory | Lost 3 allies 16443 | -4/Factory | Lost 3 parts (3n) 16777 | -4/Factory | System corruption reached 10% 16810 | -4/Factory | Lost 4 parts (2u2w) 16946 | -4/Factory | Discovered new exit (range 20) 17032 | -4/Factory | Lost 4 parts (1p2n1u) 17163 | -4/Factory | First assault squad dispatched 17183 | -4/Factory | Incoming investigation squad redirected 17477 | -4/Factory | Lost 4 parts (2n1u1w) 17482 | -4/Factory | Terminal network hard line cut 17527 | -4/Factory | Core integrity fell below 50% 17596 | -4/Factory | Lost 16 parts (2p6n6u2w) 17622 | -4/Factory | Entered Upper Caves 17635 | -4/Upper Caves | Core integrity fell below 20% 17704 | -4/Upper Caves | Destroyed by P-70 Sage with Tesla Rifle Last Messages --------------- 17624_ G-67 Veteran shuts down. 17629_ Slug penetrates Wall. 17629_ Lance destroyed. 17632_ Connecting with WAR.Sys... 17632_ Current location identified: Upper Caves >>Open Door Sealed Heavy Doors opened. 17634_ Slug penetrates Wall. 17658_ KTWSE,ZHUU#UFWXEQTH= 17663_ Acquired derelict log, extracted data. World map updated: -3/Research. 17666_ Acquired Hvy. Plasma Cannon. 17674_ Imp. Sensor Array destroyed. 17674_ Structural Scanner destroyed. 17692_ VJ< HMSIW XLWQUR#DOI 17694_ Slammed into P-70 Sage. 17701_ Drone sends a signal. 17702_ H-77 Assassin retrieves Drone. 17702_ Slug penetrates Wall. 17704_ Mak. Hacking Suite destroyed. Map ----- +----------------------------------------------------+ | ?????????????????????????????????????????????????? | | ?????????????????????????????????????????????????? | | ?????????????????????????????????????????????????? | | ?????????????????????????????????????????????????? | | ??????????????????????????????????????#####??????? | | ?????????????????????????????????????######??????? | | ???????????????????????#####???????#### ##??????? | | ??????????????????????## #??????#### ###?????? | | ??????????????????????# # ##????##### ###?????? | | ??????????????????????# ###?##### ####???? | | ??????????????????????# # ##### ####???? | | ??????????????????????# p ### ###??? | | ?????????????????????## p## #### ###??? | | ?????????????????????# #####?## ##??? | | ???????????????????### ##????## ##??? | | ?????????????????### ##??### ###?? | | ????????????????## #?#### ### ###?? | | ????????????????# #?### ### ##?? | | ????????????????## ##### ## ###?? | | ?????????????????## ##### ##??? | | ?????????????????## #### ###??# | | ?????????????????# ######## | | ?????????????????# ######## | | ????????????????## ## ## ## | | ???????????????## #### ## | | ???????????????# @ ### ## | | ???????????????# #### # | | ???????????????## #### ##+### ## | | ????????????????## ### ### #" # | | ?????????????????# ##### #" " # ### | | ?????????????????## # " "# ### | | ??????????????????##? # ## | | ?????????????????????? ### # # # | | ?????????????????????? ## # " + | | ??????????????????????? #### ## # T # | | ??????????????????????? #### ## #"" # | | ??????????????????????????## #? #" "" " | | ???????????????????????????? ## $# +#### ## | | ????????????????????????????#### ## | | ??????????????????????????????## ?? # | | ??????????????????????????????#########??####### | | ??????????????????????????????#########??####### | | ?????????????????????????????????????????????????? | | ?????????????????????????????????????????????????? | | ?????????????????????????????????????????????????? | | ?????????????????????????????????????????????????? | | ?????????????????????????????????????????????????? | | ?????????????????????????????????????????????????? | | ?????????????????????????????????????????????????? | | ?????????????????????????????????????????????????? | +----------------------------------------------------+ Best States ------------- Heat Dissipation 101 Energy Generation 41 Energy Capacity 560 Matter Stores 300 Matter Capacity 300 Sight Range 20 Robot Scan Range 20 Terrain Scan Density 10 Jamming Range 12 Armor Coverage 450 Resistance: KI 25 Core Shielding 20 Weapon Shielding 33 Phase Shifting 5 Evasion (%) 70 Targeting Accuracy 8 Armor Integrity Analysis 30 Recoil Reduction 5 Offensive Hacking 21 Defensive Hacking 14 Item Schematics ----------------- Med. Storage Unit | -9/Materials | Hacked Seismic Detector | -9/Materials | Scanalyzed Rocket Launcher | -9/Materials | Scanalyzed Imp. EM Shotgun | -9/Materials | Scanalyzed Cld. Ion Engine | -9/Materials | Scanalyzed Hacking Suite | -9/Materials | Scanalyzed Disposable Heat Sink | -9/Materials | Scanalyzed Lgt. Armor Plating | -9/Materials | Scanalyzed Imp. Light Armor Plating | -8/Materials | Scanalyzed Imp. Flight Unit | -8/Materials | Scanalyzed Imp. VTOL Module | -7/Factory | Scanalyzed Imp. Cooling System | -7/Factory | Scanalyzed Combat Drone Bay | -7/Data Miner | Free Lgt. Regenerative Plating | -7/Data Miner | Free Biomechanical Wings | -7/Data Miner | Free Exp. Targeting Computer | -7/Data Miner | Free Imp. Heavy Machine Gun | -7/Data Miner | Free Gyrokinetic Inverter | -7/Data Miner | Free Adv. System Restoration Module | -7/Data Miner | Free Imp. Arc Projector | -7/Data Miner | Free Imp. Hacking Suite | -6/Zion | Archive Imp. Component Analysis Suite | -6/Zion | Archive Magnetic Acceleration Cannon | -6/Zion | Archive Mass Driver | -6/Zion | Archive Adv. Sensor Array | -6/Zion | Archive Adv. Field Recycling Unit | -6/Zion | Archive Plasma Rifle | -6/Zion | Archive Imp. Antigrav System | -6/Zion | Archive Centrium Wheel | -6/Zion | Archive Force Field | -6/Zion | Archive Lance | -6/Zion | Archive Imp. Focal Shield | -6/Zion | Archive Imp. Target Analyzer | -6/Zion | Archive Thermal Shield | -6/Zion | Archive Enh. Gauss Cannon | -6/Zion | Archive Robot Schematics ------------------ G-47 Trooper | -7/Data Miner | Free S-27 Virus | -7/Data Miner | Free L-41 Fighter | -7/Data Miner | Free Y-54 Guardian | -7/Data Miner | Free A-15 Conveyor | -6/Zion | Archive A-02 Transporter | -6/Zion | Archive C-57 Dissector | -6/Zion | Archive Fabricated ------------ Nothing Repaired ---------- Autogun | 6% | -9/Materials Autogun | 27% | -9/Materials | Broken Lgt. Armor Plating | 31% | -9/Materials Imp. VTOL Module | 28% | -6/Factory Studied --------- Autogun | -9/Materials | Hacked Lgt. Treads | -8/Materials | Hacked Rocket Launcher | -5/Factory | Hacked Power Sword | -5/Factory | Hacked Cesium-ion Thruster | -5/Factory | Hacked Carbon-fiber Leg | -4/Factory | Hacked Flexi-carbon Leg | -4/Factory | Hacked Alien Tech Used ----------------- None Achievements -------------- Bumper Bots Heavy Suspicion Into The Breach Item+ Tune-up Challenges ------------ None Game ------ Seed EnhancedHeartStorm Manual? 0 Play Time 05:36:07 Cumulative 181.4 hours Start 2025.10.26 @ 17:32:24 End 2025.11.01 @ 21:43:34 Sessions 9 Manual Loads 0 Difficulty Rogue Special Mode None Game No. 62 Rogue 62 Adventurer 0 Explorer 0 Win Type - Total 1 Types 1/0/0/0/0/0/0/0/0/0 Lore% 49 Gallery% 47 Achievement% 30 Wizard Run 0 Options --------- Layout 0 ASCII 1 Keyboard 1 Movement Arrows Keybinds 0 Fullscreen 1 Font 24/Smallcaps Map View 76x50 Zoom Use 0% Tactical HUD 1 Map Filters NONE Filters NONE Steam 1 RUN: 8b2ddc61-f998-4e10-8c0f-837c41061895